Map: Terraform LE (Void)

Players

Javert - Winner!

  • Race: Zerg Zerg
  • League: Grandmaster

Disconnect

  • Race: Protoss Protoss
  • League: Gold

VOD

Have the link to the VOD?

Description

Time

  • Played on: Sept. 18, 2015, 4:37 p.m.
  • Length: 10:33
Show
View Real Time Build Order
Export as new Build Order

Javert Zerg - Winner!

Build Orders: Hatch First 

Get SALT Encoding   

  12  0:01  Drone  
  13  0:13  Overlord  
  13  0:18  Drone  
  14  0:32  Drone x2  
  16  0:37  Drone  
  17  0:58  Hatchery  
  17  1:01  Drone  
  17  1:04  Drone  
  17  1:11  Drone  
  19  1:17  Extractor  
  18  1:19  Extractor  
  18  1:21  Drone  
  18  1:31  Drone  
  18  1:32  Spawning Pool  
  19  1:43  Drone  
  20  1:53  Drone  
  21  2:07  Overlord  
  21  2:22  Queen x2  
  25  2:29  Hatchery  
  24  2:30  Metabolic Boost  
  24  2:44  Drone x4  
  28  2:53  Drone x2  
  29  3:02  Queen  
  31  3:07  Overlord  
  31  3:09  Drone x2  
  31  3:11  Drone  
  34  3:20  Zergling x4  
  36  3:29  Zergling x4  
  38  3:38  Drone x4  
  41  3:56  Drone x2  
  41  3:57  Drone x2  
  41  3:59  Drone x3  
  41  4:00  Drone  
  49  4:03  Overlord  
  49  4:04  Overlord  
  49  4:06  Lair  
  49  4:11  Roach Warren  
  49  4:12  Evolution Chamber  
  49  4:15  Drone x2  
  47  4:25  Drone x5  
  47  4:26  Drone x3  
  47  4:30  Extractor  
  54  4:32  Evolution Chamber  
  54  4:37  Extractor  
  54  4:38  Extractor  
  48  4:45  Spore Crawler  
  48  4:46  Spore Crawler  
  43  4:58  Drone  
  43  4:59  Drone x9  
  53  5:09  Glial Reconstitution  
  53  5:17  Hydralisk Den  
  52  5:28  Drone  
  52  5:29  Drone  
  52  5:30  Zerg Missile Weapons Level 1, Zerg Ground Armor Level 1  
  48  5:43  Burrow  
  45  5:54  Drone x2  
  45  5:55  Drone x10  
  56  6:01  Muscular Augments  
  56  6:05  Overlord  
  56  6:19  Spore Crawler, Hydralisk x3  
  56  6:21  Hydralisk  
  63  6:28  Hydralisk  
  65  6:35  Overlord x2  
  65  6:36  Overlord  
  65  6:51  Overlord x2  
  65  6:58  Roach  
  65  6:59  Roach x7  
  80  7:09  Overlord x2  
  80  7:18  Spore Crawler  
  79  7:27  Hydralisk x6  
  91  7:39  Zerg Missile Weapons Level 2  
  91  7:50  Roach x7  
  105  7:58  Overlord x2  
  105  7:59  Overlord  
  101  8:23  Hydralisk  
  101  8:24  Hydralisk x10  
  105  8:49  Roach x10  
  105  8:50  Roach  
  127  9:08  Roach  
  119  9:23  Overlord  
  115  9:39  Hydralisk x3  
  115  9:40  Hydralisk x4  
  115  9:56  Drone x6  
  115  9:57  Drone x3  
  115  9:59  Extractor  
  115  10:00  Extractor  
  115  10:04  Drone  
  115  10:06  Infestation Pit  
  115  10:11  Overlord x2  
Show
View Real Time Build Order
Export as new Build Order

Disconnect Protoss 

Build Orders: Oracle Opening 

Get SALT Encoding   

  12  0:00  Probe (Chrono Boost)  
  13  0:10  Probe (Chrono Boost)  
  14  0:19  Pylon  
  14  0:20  Probe (Chrono Boost)  
  15  0:37  Probe (Chrono Boost)  
  16  0:47  Probe (Chrono Boost)  
  17  0:57  Probe (Chrono Boost)  
  18  1:06  Gateway, Probe (Chrono Boost)  
  19  1:16  Nexus  
  19  1:23  Probe (Chrono Boost)  
  20  1:27  Assimilator  
  20  1:30  Pylon  
  20  1:33  Probe (Chrono Boost)  
  21  1:43  Probe (Chrono Boost)  
  21  1:44  Assimilator  
  22  1:54  Cybernetics Core, Zealot (Chrono Boost)  
  22  1:59  Probe  
  25  2:11  Probe (Chrono Boost)  
  25  2:14  Pylon  
  26  2:22  Probe (Chrono Boost)  
  26  2:26  Warp Gate (Chrono Boost)  
  26  2:27  Probe (Chrono Boost)  
  28  2:32  Mothership Core (Chrono Boost)  
  30  2:37  Probe (Chrono Boost)  
  30  2:38  Adept  
  33  2:47  Probe (Chrono Boost)  
  33  2:50  Probe (Chrono Boost)  
  35  2:57  Probe (Chrono Boost)  
  36  2:59  Probe (Chrono Boost)  
  36  3:02  Stargate  
  37  3:07  Probe (Chrono Boost), Adept  
  37  3:09  Probe (Chrono Boost)  
  41  3:20  Probe x2 (Chrono Boost)  
  43  3:30  Probe x2 (Chrono Boost)  
  45  3:34  Gateway  
  45  3:38  Gateway  
  45  3:39  Probe (Chrono Boost)  
  45  3:40  Probe (Chrono Boost)  
  47  3:43  Oracle (Chrono Boost)  
  50  3:56  Probe x2  
  50  4:07  Pylon  
  50  4:08  Probe  
  51  4:10  Probe  
  52  4:20  Probe, Oracle (Chrono Boost)  
  54  4:25  Probe  
  54  4:29  Pylon  
  55  4:32  Adept x2  
  55  4:34  Adept  
  61  4:45  Probe  
  61  4:47  Probe  
  63  4:58  Probe, Void Ray (Chrono Boost)  
  65  5:00  Probe  
  69  5:15  Robotics Facility  
  69  5:17  Probe  
  69  5:18  Nexus, Forge  
  69  5:19  Pylon x2  
  70  5:21  Pylon  
  70  5:23  Assimilator  
  70  5:25  Assimilator  
  70  5:26  Assimilator  
  70  5:27  Gateway, Assimilator  
  70  5:30  Pylon  
  70  5:37  Probe x2  
  72  5:49  Probe  
  73  5:52  Probe  
  73  5:54  Protoss Ground Weapons Level 1  
  73  5:55  Phoenix (Chrono Boost)  
  73  5:58  Zealot x3  
  73  6:01  Probe  
  80  6:04  Probe  
  80  6:06  Gateway x2  
  80  6:09  Gateway  
  81  6:13  Probe  
  81  6:16  Probe  
  83  6:30  Twilight Council  
  83  6:33  Phoenix (Chrono Boost)  
  83  6:34  Robotics Bay  
  83  6:35  Zealot x3  
  83  6:38  Pylon  
  91  6:41  Pylon  
  91  7:00  Probe x2  
  93  7:07  Probe  
  93  7:12  Probe x2, Adept x6  
  93  7:13  Adept  
  110  7:15  Phoenix (Chrono Boost)  
  110  7:17  Probe  
  113  7:24  Probe x2, Disruptor  
  113  7:27  Probe  
  119  7:36  Probe x2  
  121  7:37  Probe  
  122  7:46  Nexus  
  122  7:48  Probe  
  123  7:52  Probe  
  123  7:54  Probe  
  125  8:00  Disruptor  
  108  8:29  Adept  
  107  8:39  Adept x4  
  87  8:53  Mothership Core  
  80  9:03  Adept  
  80  9:04  Adept x3  
  71  9:24  Adept x4  
Tags
 
Add a new tag
Caveats
  • Supply blocks, unpowered buildings, or Contaminate may cause inaccurate times.
  • Supply counts are checked every 10 seconds.